 Dungeon Crawl Stone Soup version 0.29-a0-91-gdebf4667c2 (webtiles) character file.

Game seed: 12040866226798513469

78 pascalblue the Gusty (level 4, -3/24 HPs)
             Began as a Deep Elf Air Elementalist on Feb 7, 2022.
             Slain by a black bear (6 damage)
             ... on level 3 of the Dungeon.
             The game lasted 00:08:21 (2333 turns).

pascalblue the Gusty (Deep Elf Air Elementalist)    Turns: 2333, Time: 00:08:22

Health: -3/24      AC:  2    Str:  5    XL:     4   Next: 15%
Magic:  1/11       EV: 12    Int: 22    God:
Gold:   108        SH:  0    Dex: 15    Spells: 0/10 levels left

rFire   . . .      SeeInvis .   j - staff of death
rCold   . . .      Faith    .   (no shield)
rNeg    + . .      Spirit   .   a - +0 robe
rPois   .          Reflect  .   (no helmet)
rElec   .          Harm     .   (no cloak)
rCorr   .          Rampage  .   (no gloves)
Will    .....                   (no boots)
Stlth   ++........              (no amulet)
HPRegen 0.08/turn               c - ring of flight
MPRegen 0.12/turn               (no ring)

@: flying
A: no striking features
a: no special abilities


You were on level 3 of the Dungeon.
You visited 1 branch of the dungeon, and saw 3 of its levels.

You collected 108 gold pieces.

Inventory:

Hand Weapons
 f - a +0 club
 h - a +0 short sword
Armour
 a - a +0 robe (worn)
 b - an orb of energy
Magical Staves
 j - a staff of death (weapon)
Jewellery
 c - a ring of flight (left hand)
 i - a ring of resist corrosion


   Skills:
 - Level 2.4 Dodging
 - Level 2.4 Stealth
 + Level 3.6 Spellcasting
 + Level 1.8 Conjurations
 * Level 4.3 Air Magic
 + Level 1.2 Evocations


You couldn't memorise any spells.
You knew the following spells:

 Your Spells              Type           Power      Damage    Failure   Level
a - Shock                 Conj/Air       68%        1d7       3%          1
b - Static Discharge      Conj/Air       17%        N/A       4%          2
c - Swiftness             Air            22%        N/A       6%          3
d - Airstrike             Air            11%        N/A       21%         4

Your spell library contained the following spells:

 Spells                   Type           Power      Damage    Failure   Level


Dungeon Overview and Level Annotations

Branches:
Dungeon (3/15)

Altars:


Message History

The black bear goes berserk!
Casting: Shock (safe; 3% risk of failure)
Confirm with . or Enter, or press ? or * to list all spells.
Aiming: Shock (safe; 3% risk of failure)
Press: ? - help, Shift-Dir - straight line, f/p - black bear
Aim: a black bear (severely wounded, berserk, 79% to hit)
The zap misses the black bear.
Casting: Shock (safe; 3% risk of failure)
Confirm with . or Enter, or press ? or * to list all spells.
Aiming: Shock (safe; 3% risk of failure)
Press: ? - help, Shift-Dir - straight line, f/p - black bear
Aim: a black bear (severely wounded, berserk, 79% to hit)
The zap hits the black bear.
The black bear is almost dead.
The black bear bites you. The black bear claws you.
The black bear barely misses you.
Casting: Shock (safe; 3% risk of failure)
Confirm with . or Enter, or press ? or * to list all spells.
The black bear is struck by an arc of lightning.
The black bear is almost dead.
You are struck by an arc of lightning.
The lightning grounds out.
The black bear barely misses you. The black bear claws you.
The black bear claws you but does no damage.
You start to feel a little faster.
The black bear barely misses you. The black bear completely misses you.
The black bear closely misses you. The black bear misses you.
The black bear claws you. x2
* * * LOW HITPOINT WARNING * * *
You feel much better. The black bear bites you!
The black bear completely misses you. The black bear claws you.
The black bear bites you. The black bear barely misses you.
The black bear closely misses you.
You no longer feel sluggish.
The black bear rages.
The black bear bites you.
* * * LOW HITPOINT WARNING * * *
The black bear claws you.
* * * LOW HITPOINT WARNING * * *
The black bear claws you.
You die...

##### ....# ###.#.# #...#.#
.......# #@#.# .......# #h#†#
.......# ######.#.# ..<(...#
#....#.#.###### .......#
#.............#
.......#######.#.#.###..###
.......##.h....#.#.#.#....#
.......'.....>...#.#....#.###
.......##.#.######.#.##.#..<#


You could see a black bear (berserk).

Vanquished Creatures
  3 adders (D:2)
  A worm (D:2)
  A dart slug (D:1)
  5 endoplasms
  2 giant cockroaches (D:1)
  7 hobgoblins
  3 jackals (D:1)
  4 kobolds
  A quokka (D:1)
  2 ball pythons (D:2)
  5 bats
  3 frilled lizards
  3 goblins
  A rat (D:2)
41 creatures vanquished.

Notes
Turn   | Place    | Note
-------+----------+-------------------------------------------
     0 | D:1      | pascalblue the Deep Elf Air Elementalist began the quest
                  | for the Orb.
     0 | D:1      | Reached XP level 1. HP: 10/10 MP: 6/6
   286 | D:1      | Reached XP level 2. HP: 12/15 MP: 1/8
   289 | D:1      | Learned a level 2 spell: Static Discharge
  1087 | D:1      | Reached XP level 3. HP: 19/19 MP: 5/9
  1091 | D:1      | Learned a level 3 spell: Swiftness
  1304 | D:2      | Reached skill level 4 in Air Magic
  1589 | D:2      | Reached skill level 1 in Evocations
  1752 | D:2      | Reached XP level 4. HP: 21/24 MP: 3/11
  1823 | D:2      | Learned a level 4 spell: Airstrike
  2296 | D:3      | Noticed a black bear
  2333 | D:3      | Slain by a black bear

Illustrated notes

Levels and vault maps discovered:
D:1:      dpeg_arrival_round_b, layout_basic, minmay_box_of_dots
D:2:      layout_basic
D:3:      layout_basic, vehumet_statue, uniq_robin, uniq_terence

Skill      XL: |  1  2  3 |
---------------+----------+-----
Air Magic      | 4 |  4.3
Evocations     | 1 |  1.2
Dodging        | |  2.4
Stealth        | |  2.4
Spellcasting   | |  3.6
Conjurations   | |  1.8

Action                   |  1- 3 |  4- 6 || total
-------------------------+-------+-------++-------
Melee: Staff             |     1 |       ||     1
 Cast: Shock             |    95 |    16 ||   111
       Swiftness         |       |     1 ||     1
       Static Discharge  |       |     1 ||     1
  Use: Scroll            |       |     4 ||     4
       Potion            |       |     1 ||     1
Armor: Robe              |     1 |     1 ||     2
Dodge: Dodged            |    15 |     9 ||    24

Table legend: (Time is in decaauts)
 A = Elapsed time spent in this place.
 B = Non-inter-level travel time spent in this place.
 C = Inter-level travel time spent in this place.
 D = Time resting spent in this place.
 E = Time spent auto-exploring this place.
 F = Levels seen in this place.
 G = Mean time per level.
                   A        B        C        D        E       F      G
               +--------+--------+--------+--------+--------+-----+--------+
         Total |   2329 |   2307 |     22 |    192 |   1805 |   3 |  776.3 |
       Dungeon |   2329 |   2307 |     22 |    192 |   1805 |   3 |  776.3 |
               +--------+--------+--------+--------+--------+-----+--------+

Top non-repeatable levels by time:
     D:1: 1150 daAuts
     D:2: 973 daAuts
     D:3: 205 daAuts
